 Dungeon Crawl Stone Soup version 0.25-a0-513-ge77a69270c (webtiles) character file.

Game seed: 13585590506809463913, levelgen mode: deterministic

10 mopl the Vexing (level 2, 5/19 HPs)
             Began as a Demonspawn Enchanter on Feb 16, 2020.
             Got out of the dungeon alive.
             The game lasted 00:00:41 (154 turns).

mopl the Vexing (Demonspawn Enchanter)               Turns: 154, Time: 00:00:42

Health: 5/19       AC:  2    Str:  8    XL:     2   Next: 10%
Magic:  5/5        EV: 12    Int: 16    God:
Gold:   59         SH:  0    Dex: 13    Spells: 4/5 levels left

rFire    . . .     SeeInvis .   a - +1 dagger
rCold    . . .     Gourm    .   (no shield)
rNeg     . . .     Faith    .   b - +0 robe
rPois    .         Spirit   .   (no helmet)
rElec    .         Reflect  .   (no cloak)
rCorr    .         Harm     .   (no gloves)
MR       .....                  (no boots)
Stlth    ++........             (no amulet)
HPRegen  0.06/turn              (no ring)
MPRegen  0.09/turn              (no ring)

@: flying
A: demonic guardian 1
a: no special abilities


You escaped.
You were not hungry.

You visited 1 branch of the dungeon, and saw 1 of its levels.

You collected 59 gold pieces.

Inventory:

Hand Weapons
 a - a +1 dagger (weapon)
Armour
 b - a +0 robe (worn)
Comestibles
 d - a ration
 f - 2 chunks of flesh


   Skills:
 + Level 1.0 Short Blades
 - Level 1.7 Dodging
 * Level 2.9 Stealth
 * Level 2.2 Spellcasting
 * Level 3.2 Hexes


You had 4 spell levels left.
You knew the following spells:

 Your Spells              Type           Power        Failure   Level  Hunger
a - Corona                Hex            ##.....      5%          1    #......

Your spell library contained the following spells:

 Spells                   Type           Power        Failure   Level  Hunger
 Ensorcelled Hibernation  Hex/Ice        #.....       16%         2    ###....
 Confusing Touch          Hex            ##......     16%         3    ###....
 Tukima's Dance           Hex            ##......     16%         3    ###....
 Dazzling Flash           Conj/Hex       #.....       32%         3    ###....


Dungeon Overview and Level Annotations

Branches:
Dungeon (1/15)

Altars:


Innate Abilities, Weirdness & Mutations

A weak demonic guardian rushes to your aid.


Message History

The leopard gecko closely misses you. The kobold barely misses you.
You hit the leopard gecko.
You kill the leopard gecko!
The kobold hits you. The kobold misses you.
You see here a leopard gecko corpse.
The kobold barely misses you.
There is a staircase leading out of the dungeon here.
Are you sure you want to leave the Dungeon?
This will make you lose the game!
Alright, then stay!
Okay, then.
It was a potion of cancellation.
You feel magically purged. The kobold hits you.
It was a potion of flight.
You feel very buoyant.
You fly up into the air.
The kobold hits you.
* * * LOW HITPOINT WARNING * * *
Are you sure you want to leave the Dungeon?
This will make you lose the game! The kobold closely misses you.
You have escaped!

#............####..#########.
#.##.........................
#.##..#†###..........†....##.
#.##.........................
#.#..P≈≈≈≈≈≈≈≈P...P≈≈≈≈≈≈≈≈P.
.....≈≈≈≈≈≈≈≈≈≈...≈≈≈≈≈≈≈≈≈≈.
#.#..≈≈≈≈≈≈≈≈≈≈...≈≈≈≈≈≈≈≈≈≈?
#....P≈≈≈≈≈≈≈≈.....≈≈≈≈≈≈≈≈P.
#...............@............
##...P≈≈≈≈≈≈≈≈..K..≈≈≈≈≈≈≈≈P
...#.≈≈≈≈≈≈≈≈≈≈...≈≈≈≈≈≈≈≈≈
##.#.≈≈≈≈≈≈≈≈≈≈...≈≈≈≈≈≈≈≈
#..P≈≈≈≈≈≈≈≈P..^P≈≈≈≈≈≈≈ #..
................... #.#
###.#........####..
####.####...#.####### .#
..†.......†...#


You could see a kobold.

Vanquished Creatures
  2 leopard geckos (D:1)
  A giant cockroach (D:1)
  3 goblins (D:1)
  A bat (D:1)
7 creatures vanquished.

Notes
Turn   | Place    | Note
-------+----------+-------------------------------------------
     0 | D:1      | mopl the Demonspawn Enchanter began the quest for the Orb.
     0 | D:1      | Reached XP level 1. HP: 13/13 MP: 3/3
    92 | D:1      | Reached skill level 1 in Short Blades
   123 | D:1      | Gained mutation: A weak demonic guardian rushes to your
                  | aid. [demonic ancestry]
   123 | D:1      | Reached XP level 2. HP: 11/19 MP: 3/5
   154 | D:$      | Got out of the dungeon alive.

Levels and vault maps discovered:
D:1:      giann_bridges, layout_loops_ring

Skill      XL: |  1 |
---------------+----+-----
Short Blades   | 1 |  1.0
Dodging        | |  1.7
Stealth        | |  2.9
Spellcasting   | |  2.2
Hexes          | |  3.2

Action                   || total
-------------------------++-------
Melee: Dagger            ||    36
 Cast: Corona            ||     1
  Use: Potion            ||     2
 Stab: Sleeping          ||     1
Armor: Robe              ||     8
Dodge: Dodged            ||    23

Table legend:
 A = Non-vault XP
 B = Vault XP
 C = Vault XP percentage of total XP
 D = Non-vault monster count
 E = Vault monster count
 F = Vault count percentage of total count
                 A         B        C        D         E       F
            +---------+---------+-------+---------+---------+-------
      Total |      15 |       0 |   0.0 |       7 |       0 |   0.0
            +---------+---------+-------+---------+---------+-------
        D:1 |      15 |       0 |   0.0 |       7 |       0 |   0.0
            +---------+---------+-------+---------+---------+-------
